 Dungeon Crawl Stone Soup version 0.19-a0-1007-g133f65f (webtiles) character file.

30 lorenzova the Sneak (level 3, -3/16 HPs)
             Began as a Spriggan Enchanter on July 21, 2016.
             Slain by a worm (12 damage)
             ... on level 2 of the Dungeon.
             The game lasted 00:01:42 (631 turns).

lorenzova the Sneak (Spriggan Enchanter)             Turns: 631, Time: 00:01:42

Health: -3/16      AC:  3    Str:  5    XL:     3   Next: 5%
Magic:  1/9        EV: 18    Int: 16    God:
Gold:   53         SH:  0    Dex: 16    Spells: 3 memorised, 3 levels left

rFire  . . .     SeeInvis +     a - +1 dagger
rCold  . . .     Gourm    .     b - +1 robe
rNeg   . . .     Faith    .     (shield restricted)
rPois  .         Spirit   .     (helmet restricted)
rElec  .         Dismiss  .     (no cloak)
rCorr  .         Reflect  .     (gloves unavailable)
SustAt .         Harm     .     (boots unavailable)
MR     .....                    (no amulet)
Stlth  +++.......               (no ring)
                                (no ring)

@: very quick, not resistant to hostile enchantments, fairly stealthy
A: unfitting armour, see invisible, herbivore 3, speed 3, slow metabolism 2
a: no special abilities


You were on level 2 of the Dungeon.
You were not hungry.

You visited 1 branch of the dungeon, and saw 2 of its levels.

You collected 53 gold pieces.

Inventory:

Hand Weapons
 a - a +1 dagger (weapon)
Armour
 b - a +1 robe (worn)
Jewellery
 e - an uncursed ring of fire
Potions
 f - a potion of magic {unknown}
Books
 c - a book of Maledictions

   Spells                             Type                      Level
   a - Corona                         Hexes                        1
   b - Ensorcelled Hibernation        Hexes/Ice                    2
   c - Confuse                        Hexes                        3
   d - Tukima's Dance                 Hexes                        3
   e - Dazzling Spray                 Conjuration/Hexes            3
Comestibles
 d - 2 bread rations


   Skills:
 - Level 1.1 Short Blades
 - Level 3.0 Dodging
 + Level 4.6 Stealth
 * Level 3.8 Spellcasting
 * Level 4.1 Hexes


You had 3 spell levels left.
You knew the following spells:

 Your Spells              Type           Power        Failure   Level  Hunger
a - Corona                Hex            ###....      3%          1    None
b - Ensorcelled Hibernat  Hex/Ice        #.....       12%         2    ##.....
c - Confuse               Hex            ###.....     12%         3    ###....


Dungeon Overview and Level Annotations

Branches:
Dungeon (2/15)

Altars:


Innate Abilities, Weirdness & Mutations

You are tiny and cannot use many weapons and most armour.
You have supernaturally acute eyesight. (SInv)
You are a herbivore.
You cover ground extremely quickly.
You need consume almost no food.


Message History

You completely miss the worm.
The worm is heavily wounded.
The rat bites you.
You hit the worm.
The worm is severely wounded.
The rat completely misses you. The worm completely misses you.
You barely miss the worm.
The worm is severely wounded.
The rat closely misses you.
You hit the worm.
The worm is severely wounded.
The rat barely misses you. The worm bites you.
You hit the worm but do no damage.
The worm is severely wounded.
The rat misses you.
You hit the worm but do no damage.
The worm is severely wounded.
The worm bites you!
Ouch! That really hurt!
You die...

#.# # #.### #.. ..... #.. # ##+##
#.#.# #..###. ##...## # #.#.#
#...#.# ##.....## #.###.#.###
#.....# ##...)...###..<.......
#####...####.....r...####...#####
...........'....@w...+.......## #
####...####.........####..#..# #
###..######.......## #.....# #
#.......# ##.....## #.###.# #
#.#.###.# ##...## #.###.### # #.#
#.# ####+## #........
#.###.###.##.# #####.###
#..........#.########## #.#
#####.#...............###.#


You could see a worm and a rat.

Vanquished Creatures
  2 dart slugs (D:1)
  2 giant geckos (D:1)
  6 bats (D:1)
  2 goblins (D:1)
  2 hobgoblins (D:1)
  3 jackals (D:1)
  A kobold (D:1)
  A quokka (D:2)
  A giant newt (D:1)
  2 rats (D:1)
22 creatures vanquished.

Notes
Turn   | Place    | Note
-------+----------+-------------------------------------------
     0 | D:1      | lorenzova the Spriggan Enchanter began the quest for the Orb.
     0 | D:1      | Reached XP level 1. HP: 9/9 MP: 5/5
    74 | D:1      | Reached XP level 2. HP: 13/13 MP: 7/7
    78 | D:1      | Learned a level 2 spell: Ensorcelled Hibernation
   488 | D:1      | Reached XP level 3. HP: 14/16 MP: 9/9
   493 | D:1      | Learned a level 3 spell: Confuse
   631 | D:2      | Slain by a worm

Vault maps used:
D:1:      dpeg_arrival_arbitrary_c

Skill      XL: |  1 |
---------------+----+-----
Spellcasting   | 3 |  3.8
Hexes          | 4 |  4.1
Short Blades   | |  1.1
Dodging        | |  3.0
Stealth        | |  4.6

Action                   || total
-------------------------++-------
Melee: Dagger            ||    99
 Cast: Ensorcelled Hiber ||     7
       Corona            ||     2
 Stab: Sleeping          ||     6
       Distracted        ||     1
Armor: Robe              ||    16
Dodge: Dodged            ||   114
